 Dungeon Crawl Stone Soup version 0.32-a0-999-gfa1cc04b1d (webtiles) character file.

Game seed: 5871447864487562511

55050 ragingrage the Mimic (level 14, 0/145 HPs)
             Began as a Demigod Shapeshifter on Apr 24, 2024.
             Slain by an orc warrior
             ... wielding a +2 glaive of freezing
             ... led by an orc warlord
              (33 damage)
             ... on level 1 of the Orcish Mines.
             The game lasted 00:25:59 (20943 turns).

ragingrage the Mimic (Demigod Shapeshifter)        Turns: 20943, Time: 00:25:59

Health: 0/145      AC: 11    Str: 30    XL:     14   Next: 4%
Magic:  17/17      EV: 22    Int: 12    God:
Gold:   1672       SH:  5    Dex: 23    Spells: 13/13 levels left

rFire   . . .        s - melded +2 dagger (drain)
rCold   . . .        (shield currently unavailable)
rNeg    . . .        L - melded +1 plate armour of the Snallygaster {rF+ rN+ rCorr}
rPois   +            X - melded +2 helmet
rElec   +            Z - melded +0 cloak
rCorr   .            f - melded +2 pair of gloves
SInv    .            (boots currently unavailable)
Will    ++...        N - amulet "Zuopsurr" {Reflect rElec Str-2 Dex+6 SH+5}
Stlth   +++          i - +5 ring of evasion
HPRegen 0.44/turn    n - ring of willpower
MPRegen 0.15/turn

%: reflection
@: snake-form, slowed, very slow
A: constrict, boosted hp, large, high MP 1, forlorn, divine attributes
a: Begin Untransformation


You were on level 1 of the Orcish Mines.
You were an enormous serpent.
You visited 3 branches of the dungeon, and saw 19 of its levels.

You collected 1816 gold pieces.
You spent 144 gold pieces at shops.

Inventory:

Hand Weapons
 s - a +2 dagger of draining (melded)
Missiles
 E - 21 boomerangs (quivered)
 G - 8 curare-tipped darts
 U - 2 javelins
 W - 4 throwing nets
Armour
 b - the +1 scale mail "Itonli Vexir" {Will+ Str+3}
   (You took it off a gnoll sergeant on level 9 of the Dungeon)

   Str+3:     It affects your strength (+3).
   Will+:     It increases your willpower.
 f - a +2 pair of gloves (melded)
 L - the +1 plate armour of the Snallygaster (melded) {rF+ rN+ rCorr}
   (You found it on level 5 of the Dungeon)

   rF+:       It protects you from fire.
   rN+:       It protects you from negative energy.
   rCorr:     It protects you from acid and corrosion.
 X - a +2 helmet (melded)
 Z - a +0 cloak (melded)
Jewellery
 i - a +5 ring of evasion (left hand)
 n - a ring of willpower (right hand)
 u - a ring of positive energy
 C - a ring of see invisible
 N - the amulet "Zuopsurr" (around neck) {Reflect rElec Str-2 Dex+6 SH+5}
   (You acquired it on level 5 of the Lair of Beasts)

   [amulet of reflection]

   Reflect:   It reflects blocked missile attacks.
   Str-2:     It affects your strength (-2).
   Dex+6:     It affects your dexterity (+6).
   rElec:     It insulates you from electricity.
   SH+5:      It affects your SH (+5).
 P - a ring of protection from cold
 S - a ring of fire
Talismans
 R - a dragon-blood talisman
Wands
 d - a wand of mindburst (7)
 e - a wand of acid (10)
 h - a wand of polymorph (3)
 m - a wand of charming (15)
 x - a wand of digging (6)
 y - a wand of warping (26)
 I - a wand of flame (41)
Scrolls
 c - a scroll of enchant armour
 g - 4 scrolls of enchant weapon
 o - 4 scrolls of vulnerability
 p - 2 scrolls of revelation
 t - 3 scrolls of fear
 w - 2 scrolls of torment
 A - 2 scrolls of fog
 B - 5 scrolls of noise
 H - 2 scrolls of teleportation
 J - 5 scrolls of immolation
 K - a scroll of butterflies
 T - 3 scrolls of amnesia
 V - a scroll of blinking {unknown}
Potions
 a - 3 potions of ambrosia
 j - a potion of magic {unknown}
 k - 3 potions of lignification
 l - 3 potions of haste
 q - 3 potions of mutation {unknown}
 r - 4 potions of heal wounds
 v - 2 potions of brilliance {unknown}
 z - 4 potions of might {unknown}
 D - 2 potions of invisibility {unknown}
 F - 2 potions of curing
 M - 2 potions of resistance {unknown}
Miscellaneous
 O - a lightning rod (inert)


   Skills:
 - Level 10.0 Fighting
 - Level 11.0 Dodging
 - Level 3.0 Stealth
 + Level 12.1 Unarmed Combat
 - Level 3.3 Evocations
 + Level 13.0 Shapeshifting


You had 13 spell levels left.
You didn't know any spells.
Your spell library contained the following spells:

 Spells                   Type           Power      Damage    Failure   Level
 Call Canine Familiar     Summ           0%         N/A       69%         3
 Sigil of Binding         Hex            0%         N/A       69%         3
 Dimensional Bullseye     Hex/Tloc       0%         N/A       97%         4
 Summon Blazeheart Golem  Fire/Summ      0%         N/A       97%         4
 Orb of Destruction       Conj           0%         9d5       100%        7
 Spellforged Servitor     Conj/Summ      0%         N/A       100%        7


Dungeon Overview and Level Annotations

Branches:
Dungeon (13/15)            Temple (0/1) D:6            Lair (5/5) D:10
  Swamp (0/4) Lair:3       Spider (0/4) Lair:3        Slime (0/5) Lair:4
    Orc (1/2) D:10
 Vaults: D:13-14

Shops:
D:3 *   D:5 =   Orc:1 *

Annotations:
D:10 2 transporters
D:11 3 runed translucent doors, spaghetti's ghost, journeyman NaCK
Lair:3 4 exclusions
Lair:4 exclusion: downstairs
Orc:1 2 transporters, jasper's ghost, journeyman NaFi


Innate Abilities, Weirdness & Mutations

You are an enormous serpent.
You have a powerful constriction melee attack.
Your maximum health is increased.
Your armour is entirely melded.
You are incapable of wielding weapons or throwing items.
You have an increased reservoir of magic. (+10% MP)
You shall have no god before yourself.
Your divine heritage dramatically boosts your attributes as you level up.


Message History

The bolt freezes you! The troll bites you. The troll misses you.
The troll completely misses you.
The kobold blastminer shoots a bolt.
The bolt misses you.
The orc warlord shoots a bolt.
The bolt completely misses you.
You body-slam the troll!!
Your grab misses the troll.
You feel yourself speed up.
You hear a shout!
A kobold blastminer comes into view.
You block the troll's attack. The troll misses you.
The troll barely misses you.
The kobold blastminer shoots a bolt.
The bolt closely misses you.
The orc warlord shoots a bolt.
The bolt hits you.
You feel yourself slow down. The bolt freezes you.
The troll closely misses you. The troll claws you but does no damage.
The troll barely misses you.
You lash the troll!
You kill the troll!
The kobold blastminer shoots a bolt.
The bolt completely misses you.
The orc warlord shoots a bolt.
The bolt hits you!
You feel as though you will be slow longer.
The bolt freezes you.
The kobold blastminer wields a +1 hand cannon of electrocution.
You hear the crackle of electricity.
The kobold blastminer shoots a slug.
The slug hits you.
The kobold blastminer shoots a bolt.
The bolt closely misses you.
Your life force feels restored.
The orc warlord shoots a bolt.
The bolt barely misses you.
The kobold blastminer shoots a slug.
The slug barely misses you.
The kobold blastminer shoots a bolt.
The bolt hits you! The orc warrior completely misses you.
The orc warlord roars a battlecry!
The orc warrior goes into a battle-frenzy!
The kobold blastminer shoots a slug.
The slug hits you!
The orc warrior hits you from afar with a +2 glaive of freezing!!
* * * LOW HITPOINT WARNING * * *
You feel as though you will be slow longer.
The orc warrior freezes you!
* * * LOW HITPOINT WARNING * * *
The orc warlord shoots a bolt.
The bolt closely misses you.
The orc warrior hits you from afar with a +2 glaive of freezing!!
You die...

....##.#.#)....#.....#
#.....o...[.)..#..#.##
##.....#.#.[.........#
T#....#..#......o....##
W#.......K............# ## #
o#......○....K>÷.....## ##.##.##.
.#..##.#............#####........
.#...###....†.#[.....##....##.#..
.#.. ..........S.........## .#.
..........).........##
........o..........#.##
.............#.#......#
....#.......#...##.#.##
....................##
#......#.....#.....##
........#..........#
#......#...#.......#


You could see an orc warlord, 2 kobold blastminers and an orc warrior (strong).

Vanquished Creatures
  Harold (Lair:1)
  3 hydras
  4 catoblepae
  3 two-headed ogres
  2 boulder beetles
  7 death yaks (Lair:5)
  Nergalle (D:10)
  A skyshark (Lair:5)
  2 spriggan druids (Lair:3)
  Pikel (D:8)
  An obsidian bat (Orc:1)
  An orc knight (D:11)
  3 ugly things
  3 cyclopes
  2 manticores (Lair:5)
  Maurice (D:6)
  11 elephants
  2 black mambas
  A torpor snail (Lair:1)
  13 cane toads
  3 gargoyles
  3 rime drakes
  5 komodo dragons
  An efreet (D:12)
  2 polar bears
  4 trolls
  4 hornets
  9 slime creatures
  17 blink frogs
  A culicivora (Lair:3)
  A vampire (D:12)
  3 shadows
  A wraith (D:10)
  Eustachio (D:4)
  9 wyverns
  4 basilisks
  52 yaks
  2 steam dragons
  Edmund (D:6)
  3 acid dragons
  16 water moccasins
  2 ice beasts
  A sky beast (D:8)
  9 orc warriors
  2 black bears
  3 ogres
  3 centaurs
  2 phantoms
  A lemure (D:7)
  17 bullfrogs
  3 gnoll sergeants
  12 wights
  8 howler monkeys
  5 jellies (Lair:4)
  2 bombardier beetles (D:4)
  5 hounds
  8 orc priests
  5 iguanas
  4 orc wizards
  11 hell rats (Lair:3)
  19 gnolls
  16 adders
  A shadow imp (D:7)
  A white imp (D:5)
  2 ufetubi (D:6)
  4 dart slugs
  6 ribbon worms
  40 orcs
  A bat skeleton (D:9)
  5 bat zombies (D:9)
  11 endoplasms
  A giant cockroach (D:1)
  6 goblins
  7 hobgoblins
  5 jackals
  8 kobolds
  6 quokkas
  8 ball pythons
  5 bats
  7 frilled lizards
  7 rats
474 creatures vanquished.

Vanquished Creatures (others)
  An orc (Orc:1)
1 creature vanquished.

Grand Total: 475 creatures vanquished

Notes
Turn   | Place    | Note
-------+----------+-------------------------------------------
     0 | D:1      | ragingrage the Demigod Shapeshifter began the quest for the
                  | Orb.
     0 | D:1      | Reached XP level 1. HP: 15/15 MP: 3/3
   269 | D:1      | Reached XP level 2. HP: 22/22 MP: 4/4
   776 | D:1      | Reached skill level 1 in Stealth
   916 | D:2      | Reached XP level 3. HP: 27/27 MP: 5/5
  1479 | D:2      | Reached skill level 3 in Shapeshifting
  1643 | D:1      | Reached XP level 4. HP: 31/34 MP: 6/6
  2430 | D:3      | Found Sumunich's Assorted Antiques.
  2438 | D:3      | Bought a forked gold wand for 84 gold pieces
  2438 | D:3      | Bought a murky pink potion for 18 gold pieces
  2438 | D:3      | Bought a scroll labelled EBERGH OLYCYF for 21 gold pieces
  2438 | D:3      | Bought a scroll labelled ANEKO ORUPHAUMP for 21 gold pieces
  2543 | D:3      | Reached skill level 4 in Shapeshifting
  2543 | D:3      | Reached XP level 5. HP: 35/39 MP: 7/7
  3152 | D:4      | Reached skill level 5 in Shapeshifting
  3152 | D:4      | Reached XP level 6. HP: 36/46 MP: 6/8
  3256 | D:4      | Noticed Eustachio
  3317 | D:4      | Killed Eustachio
  3369 | D:4      | HP: 2/46 [ogre/+0 giant club (11)]
  3380 | D:4      | Reached skill level 6 in Shapeshifting
  3868 | D:5      | Entered Level 5 of the Dungeon
  3875 | D:5      | Found Nuezioge's Jewellery Emporium.
  3892 | D:5      | Identified the +1 plate armour of the Snallygaster {rF+ rN+
                  | rCorr}
  3931 | D:5      | Reached XP level 7. HP: 44/51 MP: 7/9
  4288 | D:5      | Reached skill level 7 in Shapeshifting
  4288 | D:5      | Reached skill level 1 in Fighting
  4802 | D:4      | Reached skill level 5 in Unarmed Combat
  4802 | D:4      | Reached XP level 8. HP: 19/63 MP: 8/10
  5510 | D:6      | Found a staircase to the Ecumenical Temple.
  5948 | D:6      | Noticed Edmund
  5964 | D:6      | Killed Edmund
  6199 | D:6      | Identified the +1 robe of Vualaof {^Contam rElec rF+
                  | Stlth+}
  6576 | D:8      | Reached skill level 5 in Dodging
  6915 | D:8      | Reached XP level 9. HP: 21/71 MP: 3/11
  7578 | D:7      | Noticed Maurice
  7621 | D:7      | Something stole an amulet of regeneration
  7625 | D:6      | Maurice stole a +2 heavy flail
  7631 | D:6      | Maurice stole a flux talisman
  7633 | D:6      | Something stole 3 boomerangs
  7634 | D:6      | Something stole 49 gold
  7637 | D:6      | Killed Maurice
  7638 | D:6      | Reached skill level 5 in Fighting
  8920 | D:8      | Noticed Pikel
  9010 | D:8      | Killed Pikel
  9470 | D:8      | Reached XP level 10. HP: 83/83 MP: 13/13
  9557 | D:9      | Noticed a cyclops
  9586 | D:9      | Killed a cyclops
  9621 | D:9      | Identified the +1 scale mail "Itonli Vexir" {Will+ Str+3}
  9643 | D:10     | Entered Level 10 of the Dungeon
  9648 | D:10     | Found a transporter.
 10708 | D:10     | Found a staircase to the Orcish Mines.
 10781 | D:10     | Found a staircase to the Lair.
 11031 | D:10     | Noticed a two-headed ogre
 11067 | D:10     | Reached skill level 8 in Shapeshifting
 11082 | D:10     | Killed a two-headed ogre
 11200 | D:10     | Paralysed by a hornet for 3 turns
 11208 | D:10     | Found a transporter.
 11433 | D:11     | Noticed a cyclops
 11454 | D:11     | Killed a cyclops
 11539 | D:11     | Noticed a red ugly thing
 11565 | D:11     | Killed a purple ugly thing
 11566 | D:11     | Reached skill level 1 in Evocations
 11566 | D:11     | Reached XP level 11. HP: 44/94 MP: 14/14
 12051 | D:11     | Noticed an orc knight
 12096 | D:11     | Killed an orc knight
 12256 | D:11     | Found a runed translucent gate.
 12257 | D:11     | Found a runed translucent gate.
 12258 | D:11     | Noticed spaghetti's ghost (journeyman NaCK)
 12258 | D:11     | Found a runed translucent gate.
 12265 | D:11     | Noticed a two-headed ogre
 12548 | D:11     | Killed a two-headed ogre
 13255 | D:13     | Noticed an arcanist
 13265 | D:12     | Noticed a two-headed ogre
 13277 | D:12     | Killed a two-headed ogre
 13425 | D:12     | Reached skill level 9 in Shapeshifting
 13752 | D:12     | Noticed a boulder beetle
 13776 | D:12     | Killed a boulder beetle
 14177 | Lair:1   | Entered Level 1 of the Lair of Beasts
 14191 | D:10     | Reached skill level 10 in Shapeshifting
 14471 | Lair:1   | Reached XP level 12. HP: 104/104 MP: 15/15
 14484 | Lair:1   | Noticed a boulder beetle
 14511 | Lair:1   | Killed a boulder beetle
 14577 | Lair:1   | Noticed Harold
 14589 | Lair:1   | Killed Harold
 15070 | Lair:1   | Reached skill level 10 in Fighting
 15387 | Lair:2   | Reached skill level 11 in Shapeshifting
 16747 | Lair:3   | Found a hole to the Spider Nest.
 16887 | Lair:3   | Found a staircase to the Swamp.
 16928 | Lair:4   | Noticed a seven-headed hydra
 16937 | Lair:4   | Killed a seven-headed hydra
 17055 | Lair:4   | Reached skill level 10 in Dodging
 17141 | Lair:4   | Reached XP level 13. HP: 113/113 MP: 16/16
 17321 | Lair:4   | Reached skill level 12 in Shapeshifting
 17492 | Lair:4   | Found a staircase to the Slime Pits.
 17532 | Lair:4   | Identified the +1 scale mail of Meoss {rF- Regen+ Int+10
                  | Dex-3}
 17926 | Lair:5   | Entered Level 5 of the Lair of Beasts
 17988 | Lair:5   | Reached skill level 10 in Unarmed Combat
 17994 | Lair:5   | Noticed Sonja
 18179 | Lair:5   | Sonja changed into Sonja the bat
 18179 | Lair:5   | Noticed Sonja
 18181 | Lair:5   | Killed Sonja the bat
 18807 | Lair:5   | Identified a scroll of acquirement
 18973 | Lair:5   | Acquired the amulet "Zuopsurr" {Reflect rElec Str-2 Dex+6
                  | SH+5}
 20060 | Orc:1    | Entered Level 1 of the Orcish Mines
 20074 | Orc:1    | Reached XP level 14. HP: 121/121 MP: 17/17
 20167 | Orc:1    | Found a transporter.
 20170 | Orc:1    | Noticed jasper's ghost (journeyman NaFi)
 20171 | Orc:1    | Found a transporter.
 20171 | Orc:1    | Found Ovuuhil's General Store.
 20171 | Orc:1    | Noticed an orc warlord
 20189 | Orc:1    | Noticed Nergalle
 20213 | D:10     | Reached skill level 13 in Shapeshifting
 20322 | D:10     | Killed Nergalle
 20943 | Orc:1    | Slain by an orc warrior

Illustrated notes

Levels and vault maps discovered:
D:1:      co_arrival_square_in_a_square_in_a_square, layout_loops_ring,
          st_stairs_3, minmay_misc_feat_doors
D:2:      layout_basic, ebering_ecumenical_altar_hall, kennysheep_boxes
D:3:      minmay_chambers_of_threes, layout_basic, fedhas_ov_isle_minmay,
          serial_shops, shop
D:4:      layout_basic, mainiacjoe_overflow_surrounded_room, chequers_garden,
          st_stairs_2, uniq_eustachio
D:5:      layout_cave_pools, mainiacjoe_overflow_alcove_1,
          overflow_temple_1_default, serial_shops, shop, cheibrodos_gnoll_hut
D:6:      layout_gridville, mainiacjoe_overflow_paths,
          minmay_temple_entry_glass, uniq_edmund
D:7:      layout_loops_corners, gammafunk_temple_overflow_pools,
          kennysheep_generic_room_9, uniq_maurice
D:8:      layout_loops_ring, mainiacjoe_overflow_24_doors, uniq_pikel
D:9:      nicolae_hitomezashi [nicolae_hito_row, nicolae_hito_row,
          nicolae_hito_row, nicolae_hito_row, nicolae_hito_row,
          nicolae_hito_row, nicolae_hito_row, nicolae_hito_row,
          nicolae_hito_row, nicolae_hito_row, nicolae_hito_row,
          nicolae_hito_row, nicolae_hito_row, nicolae_hito_row,
          nicolae_hito_row, nicolae_hito_row, nicolae_hito_row,
          nicolae_hito_row], layout_rooms, kennysheep_little_box,
          kennysheep_vampire_church, lemuel_doored_altar, zin_academy
D:10:     gammafunk_worm_tunnel, layout_cave_pools,
          mainiacjoe_overflow_boulevard, mainiacjoe_overflow_brackets
D:11:     layout_basic, special_room [special_room_orc],
          gammafunk_ghost_nasty_kobolds
D:12:     layout_loops_ring
D:13:     layout_basic, david_vaults_2
Lair:1:   layout_cave_pods, dreamdust_mushroom_princess, grunt_megastairs_1,
          uniq_harold
Lair:2:   layout_chaotic_city
Lair:3:   layout_regular_city, mainiacjoe_swamp_entry_angry_trees,
          hellmonk_spider_entry_life_and_decay, minmay_lindwurm_lava
Lair:4:   layout_cave_pods, nicolae_slime_entry_slimehenge, lemuel_fruit_fields
Lair:5:   evilmike_catoblepas_cave, layout_cave_pods,
          grunt_forest_small_clearing_treed, grunt_megastairs_4, uniq_sonja
Orc:1:    layout_caves, gammafunk_ghost_arena, serial_shops, shop, uniq_nergalle

Skill      XL: |  1  2  3  4  5  6  7  8  9 10 11 12 13 14 |
---------------+-------------------------------------------+-----
Unarmed Combat | 3 5 6 8 9 12 | 12.1
Stealth        | 1 2 3 |  3.0
Shapeshifting  | 3 4 5 6 7 8 10 11 12 13 | 13.0
Fighting       | 3 4 5 8 9 10 | 10.0
Dodging        | 5 6 8 9 10 11 | 11.0
Evocations     | 1 3 |  3.3

Action                     |  1- 3 |  4- 6 |  7- 9 | 10-12 | 13-15 || total
---------------------------+-------+-------+-------+-------+-------++-------
  Melee: Unarmed           |    59 |    11 |   318 |   767 |   323 ||  1478
         Dagger            |    25 |   150 |    59 |       |       ||   234
         Punch             |       |     1 |       |       |       ||     1
         Rapier            |       |       |    27 |       |       ||    27
         Constrict         |       |       |       |    57 |    79 ||   136
   Fire: Sling             |    43 |       |       |       |       ||    43
  Throw: Boomerang         |       |     8 |       |       |       ||     8
         Dart              |       |       |     1 |       |       ||     1
  Evoke: Wand              |       |     1 |     8 |     3 |     2 ||    14
         Lightning rod     |       |       |       |       |     7 ||     7
    Use: Potion            |       |     1 |       |     7 |       ||     8
         Scroll            |       |       |     8 |    10 |     7 ||    25
   Stab: Sleeping          |       |       |     2 |     5 |     2 ||     9
         Petrified         |       |       |       |       |     6 ||     6
         Petrifying        |       |       |       |       |     2 ||     2
 Armour: Animal skin       |    34 |       |       |       |       ||    34
         Chain mail        |    20 |   163 |       |       |       ||   183
         Plate armour      |       |     6 |    90 |       |       ||    96
         Skin              |       |       |   139 |   286 |   194 ||   619
  Dodge: Dodged            |    44 |    83 |   261 |   608 |   318 ||  1314
  Block: Other             |       |       |       |       |    26 ||    26
         Reflection        |       |       |       |       |     5 ||     5
   Form: Flux              |       |       |     1 |       |       ||     1
         Serpent           |       |       |       |     1 |       ||     1

Table legend: (Time is in decaauts)
 A = Elapsed time spent in this place.
 B = Non-inter-level travel time spent in this place.
 C = Inter-level travel time spent in this place.
 D = Time resting spent in this place.
 E = Time spent auto-exploring this place.
 F = Levels seen in this place.
 G = Mean time per level.
                   A        B        C        D        E       F      G
               +--------+--------+--------+--------+--------+-----+--------+
         Total |  20809 |  19946 |    863 |   4724 |  10897 |  19 | 1095.2 |
       Dungeon |  14917 |  14405 |    512 |   4137 |   7244 |  13 | 1147.5 |
          Lair |   5709 |   5359 |    350 |    586 |   3557 |   5 | 1141.8 |
  Orcish Mines |    182 |    182 |      0 |      0 |     96 |   1 |  182.0 |
               +--------+--------+--------+--------+--------+-----+--------+

Top non-repeatable levels by time:
  Lair:5: 1790 daAuts
     D:8: 1589 daAuts
    D:11: 1564 daAuts
    D:10: 1525 daAuts
     D:6: 1454 daAuts
     D:7: 1396 daAuts
  Lair:4: 1197 daAuts
     D:3: 1104 daAuts
     D:5: 1075 daAuts
     D:9: 1053 daAuts
    D:12: 1052 daAuts
  Lair:1: 1019 daAuts
     D:1: 1003 daAuts
     D:2: 999 daAuts
     D:4: 967 daAuts
